 Dungeon Crawl Stone Soup version 0.30-a0-122-g2a1322497e (webtiles) character file.

Game seed: 16908238263910185361

288 Dreamer the Sneak (level 6, -10/32 HPs)
             Began as a Vampire Enchanter on Sept 16, 2022.
             Mangled by Crazy Yiuf
             ... wielding a +2 quarterstaff of chaos
              (25 damage)
             ... on level 3 of the Dungeon.
             The game lasted 00:08:51 (3000 turns).

Dreamer the Sneak (Vampire Enchanter)               Turns: 3000, Time: 00:08:57

Health: -10/32     AC:  2    Str:  7    XL:     6   Next: 9%
Magic:  10/12      EV: 12    Int: 17    God:
Gold:   135        SH:  0    Dex: 17    Spells: 5/13 levels left

rFire   . . .      SeeInvis +    a - +1 dagger
rCold   + + .      Faith    .    (no shield)
rNeg    + + +      Spirit   .    b - +0 robe
rPois   ∞          Reflect  .    (no helmet)
rElec   .          Harm     .    (no cloak)
rCorr   .          Rampage  .    (no gloves)
Will    .....                    (no boots)
Stlth   +++++.....               (no amulet)
HPRegen 0.00/turn                (no ring)
MPRegen 0.13/turn                (no ring)

@: bloodless, inhibited regen
A: bloodless, fangs 3, see invisible, vampiric 2
a: Bat Form, Revivify


You were on level 3 of the Dungeon.
You visited 1 branch of the dungeon, and saw 3 of its levels.

You collected 135 gold pieces.

Inventory:

Hand Weapons
 a - a +1 dagger (weapon)
Armour
 b - a +0 robe (worn)
Jewellery
 l - an amulet of faith
Scrolls
 d - 2 scrolls of identify
 e - 2 scrolls of magic mapping {unknown}
 i - a scroll of poison {unknown}
 j - a scroll of vulnerability {unknown}
 k - a scroll of enchant armour {unknown}
Potions
 c - 2 potions of invisibility
 f - a potion of brilliance
 g - a potion of haste
 h - a potion of berserk rage
 m - a potion of attraction {unknown}


   Skills:
 - Level 1.1 Short Blades
 - Level 2.1 Dodging
 + Level 6.5 Stealth
 * Level 4.4 Spellcasting
 + Level 6.2 Hexes


You had 5 spell levels left.
You knew the following spells:

 Your Spells              Type           Power      Damage    Failure   Level
a - Ensorcelled Hibernat  Hex/Ice        28%        N/A       6%          2
b - Confusing Touch       Hex            25%        N/A       3%          3
c - Tukima's Dance        Hex            25%        N/A       3%          3

Your spell library contained the following spells:

 Spells                   Type           Power      Damage    Failure   Level
 Dazzling Flash           Conj/Hex       28%        N/A       13%         3


Dungeon Overview and Level Annotations

Branches:
Dungeon (3/15)

Altars:
Cheibriados

Shops:
D:2 *

Annotations:
D:3 Crazy Yiuf


Innate Abilities, Weirdness & Mutations

You do not regenerate when monsters are visible.
You are frail without blood (-20% HP).
You can heal yourself when you bite living creatures.
You are immune to poison.
You have razor-sharp teeth.
You have supernaturally acute eyesight. (SInv)
You are afflicted with vampirism and can become a bat while bloodless.


Message History

You hit Grinder but do no damage. Grinder barely misses you.
Grinder hits herself!
You hit Grinder but do no damage.
Grinder is moderately wounded.
You hit Grinder.
Grinder is moderately wounded.
You hit Grinder.
Grinder is moderately wounded.
You strike the helpless Grinder from behind!
You puncture Grinder! Your bite misses Grinder.
Grinder is severely wounded.
Grinder hits you.
You catch the helpless Grinder completely off-guard!
You puncture Grinder!
You kill Grinder!
Your Stealth skill increases to level 6!
Your Spellcasting skill increases to level 4!
Your Hexes skill increases to level 6!
You have reached level 5!
You feel agile.
You have reached level 6!
You start resting.
Magic restored.
You start resting.
HP restored.
You now have 135 gold pieces (gained 10).
Found a hand axe.
A rat comes into view.
The helpless rat fails to defend itself.
You bite the rat, and draw its blood! You impale the rat!!
You kill the rat!
You see here a +0 hammer.
You open the door.
Crazy Yiuf shouts!
Crazy Yiuf resists with significant effort.
Crazy Yiuf hits you with a +2 quarterstaff of chaos!
Ouch! That really hurt!
You convulse!!
Ouch! That really hurt!
You die...

#.#..###...####....###...........
#......[...# ##..## #..#######..
###.####...# ♣....♣ #.......###.
......###..# ♣♣...♣ #.#####.....
......###..# ♣♣.♣♣ #.# ######
...........# ♣♣.♣ #.# #
......##...# ♣.♣♣ ###
......##...# ♣♣.♣ ......###..#
♣@♣♣ ......# ##.# #g# ......# ###
..) ####### #...# #)..# #####


You could see Crazy Yiuf.

Vanquished Creatures
  Grinder (D:3)
  An iguana (D:3)
  An adder (D:2)
  A worm (D:2)
  A dart slug (D:2)
  An orc (D:3)
  5 ball pythons
  6 endoplasms
  3 giant cockroaches (D:1)
  3 goblins
  4 hobgoblins
  4 jackals (D:2)
  2 quokkas (D:1)
  3 bats
  2 frilled lizards
  5 kobolds
  6 rats
49 creatures vanquished.

Notes
Turn   | Place    | Note
-------+----------+-------------------------------------------
     0 | D:1      | Dreamer the Vampire Enchanter began the quest for the Orb.
     0 | D:1      | Reached XP level 1. HP: 13/13 MP: 3/3
   260 | D:1      | Reached XP level 2. HP: 19/19 MP: 5/5
   284 | D:1      | Learned a level 2 spell: Ensorcelled Hibernation
   705 | D:1      | Found a faded altar of an unknown god.
  1080 | D:2      | Reached skill level 5 in Stealth
  1137 | D:2      | Found Rimaor's Assorted Antiques.
  1150 | D:2      | Gained mutation: You are afflicted with vampirism and can
                  | become a bat while bloodless. [Vampire growth]
  1150 | D:2      | Reached XP level 3. HP: 20/24 MP: 1/7
  1417 | D:2      | Found a snail-covered altar of Cheibriados.
  1421 | D:2      | Reached skill level 5 in Hexes
  2052 | D:3      | Learned a level 3 spell: Confusing Touch
  2056 | D:3      | Learned a level 3 spell: Tukima's Dance
  2324 | D:3      | Noticed Grinder
  2346 | D:3      | Paralysed by Grinder for 2 turns
  2374 | D:3      | Paralysed by Grinder for 3 turns
  2460 | D:3      | Paralysed by Grinder for 2 turns
  2631 | D:3      | Found a runed translucent door.
  2632 | D:3      | Noticed Crazy Yiuf
  2738 | D:3      | Reached XP level 4. HP: 24/24 MP: 6/9
  2792 | D:3      | Killed Grinder
  2793 | D:3      | Reached XP level 5. HP: 20/28 MP: 6/11
  2793 | D:3      | Reached XP level 6. HP: 23/32 MP: 6/12
  3000 | D:3      | Mangled by Crazy Yiuf

Illustrated notes

Levels and vault maps discovered:
D:1:      dpeg_arrival_leaves_temple_mockup, layout_basic,
          shapermc_ecumenical_altar_mp_urbaneastern
D:2:      layout_rooms, serial_shops, nicolae_shop_stone, basic_altar,
          dk_noncrumbling_3, nrook_uturn, minivault_19
D:3:      layout_rooms, uniq_crazy_yiuf_cottage, uniq_grinder

Skill      XL: |  1  2  3  4 |
---------------+-------------+-----
Stealth        | 5 6 |  6.5
Hexes          | 5 6 |  6.2
Spellcasting   | 3 4 |  4.4
Short Blades   | |  1.1
Dodging        | |  2.1

Action                   |  1- 3 |  4- 6 || total
-------------------------+-------+-------++-------
Melee: Dagger            |   127 |     9 ||   136
       Bite              |    12 |       ||    12
 Cast: Ensorcelled Hiber |    33 |     1 ||    34
       Confusing Touch   |     2 |     1 ||     3
 Abil: Exsanguinate      |     1 |       ||     1
  Use: Scroll            |     3 |       ||     3
 Stab: Sleeping          |    21 |     2 ||    23
       Confused          |       |     2 ||     2
Armor: Robe              |    21 |       ||    21
Dodge: Dodged            |    69 |     1 ||    70

Table legend: (Time is in decaauts)
 A = Elapsed time spent in this place.
 B = Non-inter-level travel time spent in this place.
 C = Inter-level travel time spent in this place.
 D = Time resting spent in this place.
 E = Time spent auto-exploring this place.
 F = Levels seen in this place.
 G = Mean time per level.
                   A        B        C        D        E       F      G
               +--------+--------+--------+--------+--------+-----+--------+
         Total |   2995 |   2968 |     27 |    593 |   1736 |   3 |  998.3 |
       Dungeon |   2995 |   2968 |     27 |    593 |   1736 |   3 |  998.3 |
               +--------+--------+--------+--------+--------+-----+--------+

Top non-repeatable levels by time:
     D:2: 1126 daAuts
     D:1: 1064 daAuts
     D:3: 804 daAuts
